 Dungeon Crawl Stone Soup version 0.21-a0-184-g9126a74 (webtiles) character file.

567 Deeps the Skirmisher (level 7, -12/59 HPs)
             Began as a Formicid Fighter on Aug 12, 2017.
             Mangled by an ogre
             ... wielding a +0 giant club
              (23 damage)
             ... on level 4 of the Dungeon.
             The game lasted 00:06:24 (3346 turns).

Deeps the Skirmisher (Formicid Fighter)             Turns: 3346, Time: 00:06:25

Health: -12/59     AC:  9    Str: 23    XL:     7   Next: 59%
Magic:  7/7        EV:  6    Int:  7    God:
Gold:   152        SH:  9    Dex: 10    Spells: 6/6 levels left

rFire    . . .     SeeInvis +   a - +1 war axe
rCold    . . .     Gourm    .   c - +0 shield
rNeg     . . .     Faith    .   x - +0 chain mail
rPois    .         Spirit   .   (helmet unavailable)
rElec    .         Reflect  .   (no cloak)
rCorr    .         Harm     .   (no gloves)
MR       .....                  (no boots)
Stlth    ..........             (no amulet)
HPRegen  0.19/turn              (no ring)
MPRegen  0.10/turn              (no ring)

@: no status effects
A: permanent stasis, dig shafts and tunnels, four strong arms, antennae 3
a: Dig, Shaft Self


You were on level 4 of the Dungeon.
You were near starving.

You visited 1 branch of the dungeon, and saw 4 of its levels.

You collected 152 gold pieces.

Inventory:

Hand Weapons
 a - a +1 war axe (weapon)
Armour
 b - a +0 scale mail
 c - a +0 shield (worn)
 x - a +0 chain mail (worn)
Wands
 i - a wand of digging (12/24)
 l - a wand of paralysis (19/24)
 r - a wand of iceblast (7/15)
Scrolls
 g - a scroll of remove curse
 h - 2 scrolls of identify
 k - 2 scrolls of fog
 v - a scroll of amnesia
Potions
 d - a potion of might
 m - a potion of heal wounds
Books
 e - a book of Conjurations

   Spells                             Type                      Level
   a - Magic Dart                     Conjuration                  1
   b - Searing Ray                    Conjuration                  2
   c - Dazzling Spray                 Conjuration/Hexes            3
   d - Fulminant Prism                Conjuration/Hexes            4
   e - Force Lance                    Conjuration/Translocation    4
   f - Iskenderun's Mystic Blast      Conjuration                  4
Comestibles
 f - 2 bread rations
 j - a royal jelly
 o - 3 meat rations
 p - 2 fruits


   Skills:
 + Level 6.8 Fighting
 + Level 5.6 Axes
 - Level 3.2 Armour
 - Level 3.6 Shields


You had 6 spell levels left.
You didn't know any spells.

Dungeon Overview and Level Annotations

Branches:
Dungeon (4/15)
 Temple: D:4-7

Altars:


Innate Abilities, Weirdness & Mutations

You cannot be hasted, slowed, berserked, paralysed or teleported.
You can dig through walls and to a lower floor.
Your four strong arms can wield two-handed weapons with a shield.
You have a pair of large antennae on your head. (SInv)


Message History

The orc priest hits you but does no damage.
An ogre comes into view. It is wielding a giant club.
You slash the orc priest!
You kill the orc priest!
Things that are here:
a trident; an orc corpse
Okay, then.
Things that are here:
a trident; an orc corpse You slash the ogre!
The ogre is moderately wounded.
You block the ogre's attack.
You slash the ogre!
The ogre is severely wounded.
The ogre hits you with a giant club.
* * * LOW HITPOINT WARNING * * *
You hit the ogre.
The ogre is almost dead.
The ogre hits you with a giant club!!
You die...

#.# #{*###.#
#.########.#
#.# #.##.#.#
#.# ##. #.#
#...#..# #.#
## #.#
***#.#.# #.#
# ##.# #.#.#
#.# #..#
#.#.# #.# ##
#.##
#.#.###.# #.
#.#
#O#.....# #.
#.#
#@####### #.
#.#
******#.# #.
#.#
#.......# #.
#.#
#.#######
#########.
#.# ***,*
#.........
#.# #..,*
#.#######.
#># #.#**
#.# #.
#.###.# #.#
#. #..##.#
#.# #.


You could see an ogre.

Vanquished Creatures
  A phantom (D:4)
  A scorpion (D:3)
  A hound (D:4)
  4 orc wizards (D:4)
  2 orc priests (D:4)
  A worker ant (D:4)
  3 gnolls (D:3)
  6 adders
  2 oozes
  2 worms (D:2)
  A dart slug (D:1)
  5 leopard geckos
  18 orcs
  A ball python (D:1)
  8 bats
  3 giant cockroaches
  7 goblins
  9 hobgoblins
  11 jackals
  A quokka (D:2)
  4 frilled lizards
  4 kobolds
  A quokka skeleton (D:4)
  6 rats
102 creatures vanquished.

Notes
Turn   | Place    | Note
-------+----------+-------------------------------------------
     0 | D:1      | Deeps the Formicid Fighter began the quest for the Orb.
     0 | D:1      | Reached XP level 1. HP: 18/18 MP: 1/1
    59 | D:1      | Reached XP level 2. HP: 23/24 MP: 2/2
   177 | D:1      | Reached XP level 3. HP: 30/30 MP: 3/3
   429 | D:1      | Reached skill level 4 in Fighting
   809 | D:2      | Reached XP level 4. HP: 26/37 MP: 4/4
  1640 | D:3      | Reached skill level 5 in Fighting
  1640 | D:3      | Reached XP level 5. HP: 28/44 MP: 5/5
  1675 | D:3      | HP: 2/44 [adder (4)]
  2132 | D:3      | Reached XP level 6. HP: 30/51 MP: 6/6
  2664 | D:4      | Reached skill level 6 in Fighting
  2941 | D:4      | Noticed a phantom
  2986 | D:4      | Killed a phantom
  2986 | D:4      | Reached skill level 5 in Axes
  2986 | D:4      | Reached XP level 7. HP: 50/59 MP: 7/7
  3346 | D:4      | Mangled by an ogre

Vault maps used:
D:1:      minmay_arrival_stone_box
D:3:      first_bread
D:4:      kennysheep_generic_room_13

Skill      XL: |  1  2  3  4  5  6 |
---------------+-------------------+-----
Axes           | 3 4 5 |  5.6
Fighting       | 4 5 6 |  6.8
Armour         | |  3.2
Shields        | |  3.6

Action                   |  1- 3 |  4- 6 |  7- 9 || total
-------------------------+-------+-------+-------++-------
Melee: War axe           |    84 |   175 |    29 ||   288
  Use: Potion            |       |     3 |       ||     3
       Scroll            |       |    12 |       ||    12
  Eat: Bread ration      |       |     1 |       ||     1
       Chunk             |       |     2 |       ||     2
Armor: Scale mail        |    35 |    10 |       ||    45
       Chain mail        |       |    82 |     5 ||    87
       Skin              |       |    12 |       ||    12
Dodge: Dodged            |    33 |    58 |     8 ||    99
Block: Shield            |    41 |    94 |    15 ||   150
